 Dungeon Crawl Stone Soup version 0.30-a0-534-gdc55766716 (webtiles) character file.

Game seed: 13630585409752984482

98 greasedhog the Stinger (level 4, -1/26 HPs)
             Began as a Gargoyle Venom Mage on Dec 24, 2022.
             Slain by a gnoll
             ... wielding a +0 halberd
              (3 damage)
             ... on level 3 of the Dungeon.
             The game lasted 00:04:08 (2525 turns).

greasedhog the Stinger (Gargoyle Venom Mage)        Turns: 2525, Time: 00:04:08

Health: -1/26      AC:  5    Str: 11    XL:     4   Next: 71%
Magic:  1/8        EV: 11    Int: 18    God:
Gold:   161        SH:  3    Dex: 12    Spells: 3/9 levels left

rFire   + . .      SeeInvis .    n - +2 whip "Etyudu" {drain, Fragile rPois rC+++ Dex+2}
rCold   + + +      Faith    .    e - +0 buckler
rNeg    + . .      Spirit   .    a - +0 robe
rPois   ∞          Reflect  .    (no helmet)
rElec   +          Harm     .    (no cloak)
rCorr   .          Rampage  .    (no gloves)
Will    .....                    (no boots)
Stlth   ++                       (no amulet)
HPRegen 0.24/turn                f - ring of protection from fire
MPRegen 0.11/turn                (no ring)

@: very slightly contaminated
A: sickness immunity, AC +3, negative energy resistance 1, electricity
resistance, torment resistance 1, petrification resistance
a: no special abilities


You were on level 3 of the Dungeon.
You visited 1 branch of the dungeon, and saw 3 of its levels.

You collected 161 gold pieces.

Inventory:

Hand Weapons
 n - the +2 whip "Etyudu" (weapon) {drain, Fragile rPois rC+++ Dex+2}
   (You found it on level 3 of the Dungeon)

   A truly terrible weapon, it drains the life of any living foe it strikes.
   Dex:       It affects your dexterity (+2).
   rC:        It renders you almost immune to cold.
   rPois:     It protects you from poison.
   Fragile:   It will be destroyed if unequipped.
Armour
 a - a +0 robe (worn)
 e - a +0 buckler (worn)
Jewellery
 f - a ring of protection from fire (left hand)
Scrolls
 d - a scroll of fog
 g - a scroll of enchant armour
 m - a scroll of enchant weapon {unknown}
Potions
 b - a potion of magic
 c - a potion of degeneration {unknown}
 h - a potion of curing {unknown}
 i - a potion of brilliance {unknown}
 j - a potion of ambrosia {unknown}
 k - a potion of berserk rage {unknown}
 l - a potion of resistance


   Skills:
 + Level 1.6 Fighting
 - Level 1.5 Dodging
 - Level 2.1 Stealth
 * Level 3.1 Spellcasting
 - Level 1.0 Transmutations
 * Level 4.0 Poison Magic


You had 3 spell levels left.
You knew the following spells:

 Your Spells              Type           Power      Damage    Failure   Level
a - Sting                 Tmut/Pois      44%        1d5       8%          1
b - Poisonous Vapours     Pois/Air       20%        N/A       14%         2
c - Mephitic Cloud        Conj/Pois/Air  7%         N/A       36%         3

Your spell library contained the following spells:

 Spells                   Type           Power      Damage    Failure   Level
 Wereblood                Tmut           6%         N/A       22%         2
 Olgreb's Toxic Radiance  Pois           17%        N/A       38%         4
 Summon Hydra             Summ           1%         N/A       100%        7
 Sublimation of Blood     Necr           Unusable   N/A       N/A         2

Dungeon Overview and Level Annotations

Branches:
Dungeon (3/15)

Altars:


Innate Abilities, Weirdness & Mutations

You are immune to sickness and miasma.
Your stone body is resilient. (AC +3)
You are immune to poison.
You resist negative energy. (rN+)
You are resistant to electric shocks. (rElec)
You are resistant to unholy torment.
You are immune to petrification.


Message History

Aiming: Sting (safe; 8% risk of failure)
Press: ? - help, Shift-Dir - straight line, f/p - gnoll
Aim: a gnoll, wielding a +0 halberd and wearing a +0 robe (75% to hit)
The sting misses the gnoll.
The gnoll barely misses you.
Casting: Sting (safe; 8% risk of failure)
Confirm with . or Enter, or press ? or * to list all spells.
Aiming: Sting (safe; 8% risk of failure)
Press: ? - help, Shift-Dir - straight line, f/p - gnoll
Aim: a gnoll, wielding a +0 halberd and wearing a +0 robe (75% to hit)
You miscast Sting.
Nothing appears to happen.
The gnoll barely misses you.
Casting: Sting (safe; 8% risk of failure)
Confirm with . or Enter, or press ? or * to list all spells.
Aiming: Sting (safe; 8% risk of failure)
Press: ? - help, Shift-Dir - straight line, f/p - gnoll
Aim: a gnoll, wielding a +0 halberd and wearing a +0 robe (75% to hit)
The sting hits the gnoll but does no damage.
The gnoll is poisoned.
The gnoll barely misses you.
Casting: Sting (safe; 8% risk of failure)
Confirm with . or Enter, or press ? or * to list all spells.
Aiming: Sting (safe; 8% risk of failure)
Press: ? - help, Shift-Dir - straight line, f/p - gnoll
Aim: a gnoll, wielding a +0 halberd and wearing a +0 robe (poisoned, 75% to hit)
The sting hits the gnoll.
The gnoll looks even sicker.
The gnoll is moderately wounded.
The gnoll hits you from afar with a +0 halberd!
Found a chain mail.
The gnoll closely misses you.
You completely miss the gnoll.
The gnoll is lightly wounded.
You block the gnoll's attack.
You hit the gnoll but do no damage. You drain the gnoll.
The gnoll is moderately wounded.
The gnoll hits you with a +0 halberd.
You closely miss the gnoll.
The gnoll is heavily wounded.
The gnoll hits you with a +0 halberd!
* * * LOW HITPOINT WARNING * * *
You hit the gnoll but do no damage. You drain the gnoll.
The gnoll is severely wounded.
The gnoll hits you with a +0 halberd.
You die...

#....# #..######+ #....#
#..##..... #....#
#..##..... ## #....#
#..#...... #..
##....###..#.....# #..[
#.....'....'....(. #....
#.....###..#...##.
#.....#.....###..#......
#.....g@.........#......
.................#......
..####...######..###.)..
#..:. #..###...# ###...
###...#.....
#...'............ ....##
#......... ....#
#...#..... ####.........


You could see a gnoll (poisoned, very drained).

Vanquished Creatures
  3 gnolls (D:3)
  2 adders
  3 dart slugs (D:1)
  5 endoplasms
  3 giant cockroaches
  6 goblins
  3 hobgoblins
  4 kobolds
  3 quokkas
  3 ball pythons
  4 bats
  4 rats
43 creatures vanquished.

Vanquished Creatures (others)
  5 plants (D:2)
5 creatures vanquished.

Grand Total: 48 creatures vanquished

Notes
Turn   | Place    | Note
-------+----------+-------------------------------------------
     0 | D:1      | greasedhog the Gargoyle Venom Mage began the quest for the
                  | Orb.
     0 | D:1      | Reached XP level 1. HP: 10/10 MP: 3/3
   127 | D:1      | Reached skill level 1 in Transmutations
   415 | D:1      | Reached XP level 2. HP: 7/15 MP: 1/5
   452 | D:1      | Learned a level 2 spell: Poisonous Vapours
  1132 | D:2      | Reached XP level 3. HP: 18/20 MP: 2/6
  1366 | D:2      | Reached skill level 1 in Fighting
  1621 | D:2      | Learned a level 3 spell: Mephitic Cloud
  2095 | D:3      | Reached XP level 4. HP: 10/25 MP: 2/8
  2374 | D:3      | Reached skill level 4 in Poison Magic
  2488 | D:3      | Identified the +2 whip "Etyudu" {drain, Fragile rPois rC+++
                  | Dex+2}
  2525 | D:3      | Slain by a gnoll

Illustrated notes

Levels and vault maps discovered:
D:1:      heliophobic_arrival_henge, layout_basic
D:2:      layout_basic, serial_bayou_pond_c
D:3:      layout_basic, shapermc_ecumenical_altar_ellora, minmay_misc_feat_room,
          uniq_sigmund

Skill      XL: |  1  2  3  4 |
---------------+-------------+-----
Transmutations | 1 |  1.0
Fighting       | 1 |  1.6
Spellcasting   | 3 |  3.1
Poison Magic   | 4 |  4.0
Dodging        | |  1.5
Stealth        | |  2.1

Action                   |  1- 3 |  4- 6 || total
-------------------------+-------+-------++-------
Melee: Spear             |    34 |     4 ||    38
       Unarmed           |     1 |       ||     1
       Whip              |       |     4 ||     4
 Cast: Sting             |    65 |    17 ||    82
       Poisonous Vapours |       |     1 ||     1
  Use: Scroll            |     2 |     1 ||     3
Armor: Robe              |    15 |     1 ||    16
Dodge: Dodged            |    26 |    11 ||    37
Block: Buckler           |     1 |     1 ||     2

Table legend: (Time is in decaauts)
 A = Elapsed time spent in this place.
 B = Non-inter-level travel time spent in this place.
 C = Inter-level travel time spent in this place.
 D = Time resting spent in this place.
 E = Time spent auto-exploring this place.
 F = Levels seen in this place.
 G = Mean time per level.
                   A        B        C        D        E       F      G
               +--------+--------+--------+--------+--------+-----+--------+
         Total |   2534 |   2437 |     97 |    244 |   1836 |   3 |  844.7 |
       Dungeon |   2534 |   2437 |     97 |    244 |   1836 |   3 |  844.7 |
               +--------+--------+--------+--------+--------+-----+--------+

Top non-repeatable levels by time:
     D:1: 1112 daAuts
     D:2: 1056 daAuts
     D:3: 365 daAuts
